 Dungeon Crawl Stone Soup version 0.20.0-8-g6b59dc7 (webtiles) character file.

19478 Ketharn the Bludgeoner (level 12, -3/90 HPs)
             Began as a Minotaur Berserker on May 31, 2017.
             Was a High Priest of Trog.
             Slain by an entropy weaver (11 damage)
             ... on level 4 of the Lair of Beasts.
             The game lasted 01:02:48 (12389 turns).

Ketharn the Bludgeoner (Minotaur Berserker)        Turns: 12389, Time: 01:02:51

Health: -3/90      AC:  4    Str: 27    XL:     12   Next: 36%
Magic:  11/11      EV:  8    Int:  4    God:    Trog [*****.]
Gold:   388        SH: 11    Dex: 10    Spells: 11/11 levels left

rFire    . . .     SeeInvis .   J - +3 broad axe (chop)
rCold    . . .     Gourm    .   k - +0 shield
rNeg     . . .     Faith    .   q - +0 plate armour
rPois    +         Spirit   .   (helmet restricted)
rElec    .         Reflect  .   f - +1 cloak {rPois}
rCorr    +         Harm     .   (no gloves)
MR       .....                  C - +0 pair of boots
Stlth    ..........             p - amulet of rage
Regen    0.3/turn               m - ring of resist corrosion
MPRegen  0.2/turn               w - ring of poison resistance

@: corroded, berserk cooldown, slowed, very slow
A: retaliatory headbutt, horns 2
a: Berserk, Trog's Hand, Brothers in Arms, Burn Spellbooks, Renounce Religion,
Evoke Berserk Rage


You were on level 4 of the Lair of Beasts.
You worshipped Trog.
Trog was extremely pleased with you.
You were full.

You visited 3 branches of the dungeon, and saw 13 of its levels.

You collected 388 gold pieces.

Inventory:

Hand Weapons
 t - a +2 flail of crushing
 I - a +3 battleaxe
 J - a +3 broad axe of chopping (weapon)
Missiles
 g - 10 tomahawks (quivered)
Armour
 f - a +1 cloak of poison resistance (worn)
 k - a +0 shield (worn)
 q - a +0 plate armour (worn)
 C - a +0 pair of boots (worn)
Jewellery
 j - an uncursed amulet of magic regeneration
 m - a ring of resist corrosion (left hand)
 n - an uncursed amulet of guardian spirit {unknown}
 p - an amulet of rage (around neck)
 r - an uncursed ring of protection from magic
 w - a ring of poison resistance (right hand)
 z - an uncursed amulet of guardian spirit {unknown}
 A - a +5 ring of evasion {unknown}
 G - the ring "Okhic" {rElec Str+5 Dex+5, unknown}
   (You found it on level 3 of the Lair of Beasts)

   [ring of dexterity]

   It affects your strength (+5).
   It affects your dexterity (+5).
   It insulates you from electricity.
Wands
 y - a wand of confusion (20/48)
Scrolls
 c - 6 scrolls of remove curse
 e - 11 scrolls of teleportation
 s - a scroll of silence
 B - a scroll of noise
 F - a scroll of fog
Potions
 a - a potion of mutation
 d - a potion of cancellation
 h - a potion of brilliance {unknown}
 u - a potion of magic
 E - a potion of lignification {unknown}
Comestibles
 i - 2 fruits
 l - a meat ration
 o - a royal jelly
 x - 5 bread rations


   Skills:
 - Level 3.6 Fighting
 * Level 12.2(15.9) Axes
 - Level 17.0(18.2) Maces & Flails
 - Level 7.1 Armour
 - Level 5.6 Dodging
 - Level 7.5 Shields


You had 11 spell levels left.
You didn't know any spells.

Dungeon Overview and Level Annotations

Branches:
Dungeon (8/15)             Temple (1/1) D:7            Lair (4/6) D:8
 Spider (0/4) Lair:3
  Swamp: Lair:2-4    Shoals: Lair:2-4

Altars:
Cheibriados
Dithmenos
Elyvilon
Fedhas
Gozag
Hepliaklqana
Kikubaaqudgha
Makhleb
Nemelex Xobeh
Okawaru
Qazlal
Ru
Sif Muna
Trog
Uskayaw
Vehumet
Yredelemnul
Zin
The Shining One


Innate Abilities, Weirdness & Mutations

You reflexively headbutt those who attack you in melee.
You have a pair of horns on your head.


Message History

Press: ? - help, Shift-Dir - straight line, f - entropy weaver
Aim: an entropy weaver (moderately wounded, chance to defeat MR: 15%)
The entropy weaver resists with almost no effort.
Evoking this partially-identified wand wasted a few charges.
The entropy weaver hits you! The entropy weaver hits you.
* * * LOW HITPOINT WARNING * * *
You block the entropy weaver's attack. The entropy weaver hits you.
* * * LOW HITPOINT WARNING * * *
You block the entropy weaver's attack.
The entropy weaver hits you but does no damage.
The entropy weaver hits you.
* * * LOW HITPOINT WARNING * * *
You block the entropy weaver's attack.
Your two-headed ogre goes berserk!
You feel quite a bit less full. The entropy weaver hits you.
* * * LOW HITPOINT WARNING * * *
The entropy weaver hits you.
* * * LOW HITPOINT WARNING * * *
The entropy weaver hits you!
You die...

### ##O##
###.†.# #.@..##
#.a.## ##
#....# ###.#
#..###
.....##...#
........#.#
..........#
..........###
#...$.........#


You could see an entropy weaver and a friendly two-headed ogre (berserk).

Vanquished Creatures
  Pikel (D:4)
  An orb spider (Lair:3)
  11 elephants
  5 spiny frogs
  2 rime drakes (Lair:2)
  2 komodo dragons
  9 blink frogs
  2 hippogriffs
  A spriggan (D:7)
  A wyvern (Lair:2)
  The ghost of zeros the Skirmisher, an amateur MiFi (D:4)
  2 basilisks (Lair:3)
  13 yaks
  9 vampire mosquitoes (Lair:2)
  Edmund (D:4)
  7 soldier ants (Lair:4)
  6 water moccasins
  6 porcupines
  3 orc warriors
  2 ice beasts
  A sky beast (D:7)
  3 slaves (D:4)
  A black bear (D:7)
  2 phantoms
  2 centaurs (D:6)
  5 ogres
  9 wolves
  5 crocodiles
  4 bullfrogs
  2 scorpions
  3 killer bees (D:7)
  5 wights (D:4)
  2 howler monkeys
  A bullfrog zombie (D:5)
  5 orc priests
  Crazy Yiuf (D:2)
  5 hounds
  Natasha (thrice) (D:4)
  17 worker ants
  5 iguanas
  4 orc wizards
  3 hound skeletons
  2 worker ant zombies
  9 gnolls (D:4)
  8 adders
  2 shadow imps
  An ooze (D:4)
  An adder zombie (D:7)
  3 worms
  A dart slug (D:1)
  11 leopard geckos
  26 orcs
  10 bats
  12 giant cockroaches
  11 goblins
  3 hobgoblins
  5 jackals
  8 kobolds
  4 quokkas
  10 frilled lizards
  A leopard gecko zombie (D:5)
  A quokka skeleton (D:4)
  5 rats
  A plant (Lair:4)
308 creatures vanquished.

Vanquished Creatures (others)
  5 fungi
  4 plants
9 creatures vanquished.

Grand Total: 317 creatures vanquished

Notes
Turn   | Place    | Note
-------+----------+-------------------------------------------
     0 | D:1      | Ketharn the Minotaur Berserker began the quest for the Orb.
     0 | D:1      | Reached XP level 1. HP: 19/19 MP: 0/0
    90 | D:1      | Reached XP level 2. HP: 19/26 MP: 1/1
   282 | D:1      | Reached ** piety under Trog
   374 | D:1      | Reached skill level 5 in Axes
   456 | D:1      | Reached XP level 3. HP: 28/31 MP: 2/2
  1147 | D:2      | Found a glowing golden altar of the Shining One.
  1147 | D:2      | Found a hide-covered altar of Uskayaw.
  1240 | D:2      | Reached XP level 4. HP: 39/39 MP: 3/3
  1638 | D:2      | Found a runed door.
  1945 | D:2      | Noticed Crazy Yiuf
  1952 | D:2      | Killed Crazy Yiuf
  2311 | D:3      | Reached XP level 5. HP: 41/45 MP: 4/4
  3026 | D:3      | Reached *** piety under Trog
  3136 | D:3      | Found a deep blue altar of Sif Muna.
  3176 | D:4      | Noticed zeros's ghost (amateur MiFi)
  3181 | D:4      | Killed zeros's ghost
  3181 | D:4      | Reached XP level 6. HP: 49/51 MP: 5/5
  3185 | D:4      | Noticed Natasha
  3190 | D:4      | Killed Natasha
  3519 | D:4      | Reached XP level 7. HP: 27/57 MP: 6/6
  3698 | D:4      | Reached skill level 10 in Axes
  3830 | D:4      | Noticed Natasha
  3834 | D:4      | Killed Natasha
  3959 | D:4      | Found a blossoming altar of Fedhas.
  4146 | D:4      | Reached XP level 8. HP: 61/64 MP: 7/7
  4388 | D:4      | Reached skill level 1 in Shields
  4391 | D:4      | Reached **** piety under Trog
  4413 | D:4      | Noticed Pikel
  4434 | D:4      | Killed Pikel
  4624 | D:4      | Noticed Natasha
  4632 | D:4      | Killed Natasha
  4809 | D:4      | Reached skill level 5 in Dodging
  4809 | D:4      | Reached skill level 5 in Shields
  4826 | D:4      | Noticed Edmund
  4842 | D:4      | Killed Edmund
  4963 | D:5      | Entered Level 5 of the Dungeon
  5012 | D:5      | Found a bloodstained altar of Trog.
  5057 | D:5      | Found a hazy altar of Hepliaklqana.
  5066 | D:5      | Reached skill level 2 in Maces & Flails
  5066 | D:5      | Reached XP level 9. HP: 70/70 MP: 8/8
  5232 | D:5      | Reached skill level 3 in Maces & Flails
  5257 | D:5      | Found a sacrificial altar of Ru.
  5453 | D:5      | Found a basalt altar of Yredelemnul.
  5561 | D:5      | Reached skill level 4 in Maces & Flails
  5818 | D:6      | Reached skill level 5 in Maces & Flails
  6151 | D:6      | Reached skill level 6 in Maces & Flails
  6246 | D:6      | Found a basalt altar of Yredelemnul.
  6250 | D:6      | Reached ***** piety under Trog
  6436 | D:6      | Reached skill level 7 in Maces & Flails
  6848 | D:6      | Reached skill level 8 in Maces & Flails
  7033 | D:7      | Found a sparkling altar of Nemelex Xobeh.
  7043 | D:7      | Reached skill level 9 in Maces & Flails
  7322 | D:7      | Found a shadowy altar of Dithmenos.
  7471 | D:7      | Reached skill level 10 in Maces & Flails
  7495 | D:7      | Reached XP level 10. HP: 77/77 MP: 9/9
  7559 | D:7      | Found a staircase to the Ecumenical Temple.
  7583 | Temple   | Entered the Ecumenical Temple
  7937 | D:8      | Found a staircase to the Lair.
  7961 | D:8      | Noticed an elephant
  7980 | D:8      | Killed an elephant
  7980 | D:8      | Reached skill level 11 in Maces & Flails
  8001 | Lair:1   | Entered Level 1 of the Lair of Beasts
  8394 | Lair:1   | Noticed a spiny frog
  8402 | Lair:1   | Killed a spiny frog
  8402 | Lair:1   | Reached skill level 12 in Maces & Flails
  8480 | Lair:2   | Reached skill level 13 in Maces & Flails
  8549 | Lair:2   | Reached skill level 14 in Maces & Flails
  8725 | Lair:2   | Noticed an elephant
  8726 | Lair:2   | Noticed an elephant
  8727 | Lair:2   | Noticed an elephant
  8740 | Lair:2   | Killed an elephant
  8740 | Lair:2   | Reached XP level 11. HP: 82/82 MP: 10/10
  8848 | Lair:2   | Reached skill level 15 in Maces & Flails
  9143 | Lair:2   | Reached skill level 16 in Maces & Flails
 10079 | Lair:3   | Got a pair of smoking boots
 10080 | Lair:3   | Identified the cursed +0 pair of boots of the Valley of Death {rElec rCorr Int-4 Slay+4} (You found it on level 3 of the Lair of Beasts)
 10139 | Lair:3   | Reached skill level 17 in Maces & Flails
 10459 | Lair:3   | Got a steaming turquoise ring
 10573 | Lair:3   | Found a hole to the Spider Nest.
 10573 | Lair:3   | Noticed an orb spider
 10614 | Lair:3   | Killed an orb spider
 10647 | Lair:3   | Reached XP level 12. HP: 65/90 MP: 11/11
 10970 | Lair:3   | Reached skill level 5 in Armour
 11192 | Lair:4   | Received a gift from Trog
 11937 | Lair:4   | Noticed an entropy weaver
 11940 | Lair:4   | Noticed an entropy weaver
 11940 | Lair:4   | Noticed a queen ant
 12389 | Lair:4   | Slain by an entropy weaver

Skill      XL: |  1  2  3  4  5  6  7  8  9 10 11 12 |
---------------+-------------------------------------+-----
Axes           | 4 5 6 8 9 11 12 | 12.2
Shields        | 5 6 7 |  7.5
Dodging        | 5 |  5.6
Maces & Flails | 2 10 14 17 | 17.0
Armour         | 4 7 |  7.1
Fighting       | |  3.6

Action                   |  1- 3 |  4- 6 |  7- 9 | 10-12 || total
-------------------------+-------+-------+-------+-------++-------
Melee: Hand axe          |    73 |   103 |   115 |       ||   291
       Headbutt          |     7 |    11 |    65 |   100 ||   183
       Flail             |       |       |   186 |   321 ||   507
       Broad axe         |       |       |       |    98 ||    98
Invok: Berserk           |     7 |     6 |    19 |    21 ||    53
       Brothers in Arms  |       |       |       |     3 ||     3
 Abil: Evoke Berserk Rag |       |       |     1 |       ||     1
Evoke: Wand              |       |       |       |     1 ||     1
  Use: Scroll            |       |    10 |     8 |     7 ||    25
       Potion            |       |     7 |     1 |     9 ||    17
  Eat: Chunk             |     5 |     5 |     7 |     7 ||    24
       Meat ration       |     1 |     1 |       |     4 ||     6
       Bread ration      |       |     1 |     4 |     3 ||     8
       Fruit             |       |       |     3 |       ||     3
       Royal jelly       |       |       |     1 |       ||     1
Armor: Animal skin       |    23 |     2 |       |       ||    25
       Ring mail         |       |    26 |    64 |       ||    90
       Scale mail        |       |       |    21 |       ||    21
       Plate armour      |       |       |    20 |   164 ||   184
Dodge: Dodged            |    47 |    53 |   105 |    87 ||   292
Block: Shield            |       |       |    94 |   216 ||   310
